 Dungeon Crawl Stone Soup version 0.32-a0-975-g85d4e5bfdb (webtiles) character file.

Game seed: 232698351802268705

72 PriceMaster the Grave Robber (level 4, -2/32 HPs)
             Began as a Demonspawn Necromancer on Apr 19, 2024.
             Slain by Crazy Yiuf
             ... wielding a +4 quarterstaff of chaos
              (3 damage)
             ... on level 2 of the Dungeon.
             The game lasted 00:03:23 (1973 turns).

PriceMaster the Grave Robber (DsNe)                 Turns: 1973, Time: 00:03:23

Health: -2/32      AC:  3    Str: 10    XL:     4   Next: 7%
Magic:  0/7        EV: 11    Int: 17    God:
Gold:   89         SH:  4    Dex: 14    Spells: 0/8 levels left

rFire   x x .        (no weapon)
rCold   + + .        (no shield)
rNeg    . . .        a - +1 robe
rPois   .            (helmet restricted)
rElec   .            e - scarf {harm}
rCorr   .            (no gloves)
SInv    .            (no boots)
Will    .....        (no amulet)
Stlth   ++           d - ring of ice
HPRegen 0.25/turn    g - ring of ice
MPRegen 0.10/turn

%: harm (+30% outgoing, +20% incoming)
@: very slightly contaminated
A: antennae 1, big brain 1, condensation shield
a: no special abilities


You were on level 2 of the Dungeon.
You visited 1 branch of the dungeon, and saw 2 of its levels.

You collected 89 gold pieces.

Inventory:

Armour
 a - a +1 robe (worn)
 e - a scarf of harm (worn)
Jewellery
 d - a ring of ice (left hand)
 g - a ring of ice (right hand)
Scrolls
 i - 4 scrolls of teleportation {unknown}
Potions
 b - a potion of haste {unknown}
 c - 2 potions of cancellation {unknown}
 f - a potion of degeneration {unknown}
 h - a potion of resistance {unknown}


   Skills:
 + Level 1.2 Fighting
 + Level 2.3 Dodging
 + Level 2.5 Stealth
 + Level 2.5 Spellcasting
 + Level 4.8 Necromancy


You couldn't memorise any spells.
You knew the following spells:

 Your Spells              Type           Power      Damage    Failure   Level
a - Necrotise             Necr           72%        1d7       2%          1
b - Vampiric Draining     Necr           18%        2d7       8%          3
c - Animate Dead          Necr           18%        N/A       26%         4

Your spell library contained the following spells:

 Spells                   Type           Power      Damage    Failure   Level
 Stone Arrow              Conj/Erth      4%         3d7       50%         3
 Tukima's Dance           Hex            2%         N/A       50%         3
 Curse of Agony           Necr           18%        N/A       56%         5
 Animate Armour           Summ/Erth      4%         N/A       88%         4
 Dimensional Bullseye     Hex/Tloc       1%         N/A       88%         4
 Iskenderun's Mystic Bla Conj/Tloc 2%             2d3        (+2d1     88%         4
 Seismic Cannonade        Alch/Erth      1%         6d4       100%        7
 Lehudib's Crystal Spear  Conj/Erth      1%         10d2      100%        8


Dungeon Overview and Level Annotations

Branches:
Dungeon (2/15)

Altars:

Annotations:
D:2 Crazy Yiuf


Innate Abilities, Weirdness & Mutations

You have a pair of small antennae on your head.
You have an unusually large brain. (Int +2)
A meltable shield of frost defends you. (SH +4)


Message History

Confirm with . or Enter, or press ? or * to list all spells.
Aiming: Necrotise (safe; 2% risk of failure)
Press: ? - help, Shift-Dir - straight line, f/p - Crazy Yiuf
Aim: Crazy Yiuf, wielding a +4 quarterstaff of chaos and wearing a +0 cloak (lightly wounded, chance to affect: 83%) Crazy Yiuf writhes in agony.
Casting: Necrotise (safe; 2% risk of failure)
Confirm with . or Enter, or press ? or * to list all spells.
Aiming: Necrotise (safe; 2% risk of failure)
Press: ? - help, Shift-Dir - straight line, f/p - Crazy Yiuf
Aim: Crazy Yiuf, wielding a +4 quarterstaff of chaos and wearing a +0 cloak (moderately wounded, chance to affect: 83%) Crazy Yiuf barely resists.
Casting: Necrotise (safe; 2% risk of failure)
Confirm with . or Enter, or press ? or * to list all spells.
You don't know that spell.
You closely miss Crazy Yiuf.
Crazy Yiuf is moderately wounded.
Crazy Yiuf completely misses you.
Casting: Necrotise (safe; 2% risk of failure)
Confirm with . or Enter, or press ? or * to list all spells.
Okay, then.
Casting: Vampiric Draining (quite dangerous; 8% risk of failure)
Confirm with . or Enter, or press ? or * to list all spells.
Aiming: Necrotise (safe; 2% risk of failure)
Press: ? - help, Shift-Dir - straight line, f/p - Crazy Yiuf
Aim: Crazy Yiuf, wielding a +4 quarterstaff of chaos and wearing a +0 cloak (moderately wounded, chance to affect: 83%) Crazy Yiuf writhes in agony.
Crazy Yiuf hits you with a +4 quarterstaff of chaos!
You convulse!
Ouch! That really hurt!
* * * LOW HITPOINT WARNING * * *
Casting: Necrotise (safe; 2% risk of failure)
Confirm with . or Enter, or press ? or * to list all spells.
Aiming: Vampiric Draining (quite dangerous; 8% risk of failure)
Press: ? - help, Shift-Dir - straight line, f/p - Crazy Yiuf
Aim: Crazy Yiuf, wielding a +4 quarterstaff of chaos and wearing a +0 cloak (heavily wounded)
You miscast Vampiric Draining.
You are very lightly contaminated with residual magic.
Nothing appears to happen.
Crazy Yiuf hits you with a +4 quarterstaff of chaos.
You die...

#...........#........)...
#.############.##########
#.# #.# ### #.# ##### #.#
####.. #.# #)..# #.#
#..... #.# #...# #.#
#.##.# #.# ... #.# #.##.#
#.## #g# #.# #.##.# #..#
#@## #.#####.##.# ####
##.# #........... #.##
#.#####.##.# ##.# #.#
#.##.. ##.## #.# #.####
##P..# #.#####.....
#P...# #...........
#....# #.##########
#....###.#


You could see Crazy Yiuf.

Vanquished Creatures
  3 adders (D:2)
  A dart slug (D:2)
  2 ribbon worms (D:2)
  9 ball pythons
  3 endoplasms
  4 hobgoblins
  2 jackals (D:2)
  3 bats (D:1)
  2 frilled lizards
  3 goblins
  3 kobolds
  2 rats (D:2)
37 creatures vanquished.

Vanquished Creatures (collateral kills)
  A hobgoblin (D:1)
  A frilled lizard (D:1)
  A goblin (D:1)
3 creatures vanquished.

Grand Total: 40 creatures vanquished

Notes
Turn   | Place    | Note
-------+----------+-------------------------------------------
     0 | D:1      | PriceMaster the Demonspawn Necromancer began the quest for
                  | the Orb.
     0 | D:1      | Reached XP level 1. HP: 13/13 MP: 3/3
   261 | D:1      | Gained mutation: A meltable shield of frost defends you.
                  | (SH +4) [demonic ancestry]
   261 | D:1      | Reached XP level 2. HP: 19/19 MP: 1/5
   879 | D:2      | Gained mutation: You have a pair of small antennae on your
                  | head. [demonic ancestry]
   879 | D:2      | Reached XP level 3. HP: 19/25 MP: 1/6
  1236 | D:2      | Reached skill level 1 in Fighting
  1492 | D:2      | Found a faded altar of an unknown god.
  1620 | D:2      | Gained mutation: You have an unusually large brain. (Int
                  | +2) [demonic ancestry]
  1620 | D:2      | Reached XP level 4. HP: 23/32 MP: 1/7
  1706 | D:2      | Learned a level 3 spell: Vampiric Draining
  1711 | D:2      | Learned a level 4 spell: Animate Dead
  1747 | D:2      | Found a runed translucent door.
  1748 | D:2      | Noticed Crazy Yiuf
  1972 | D:2      | HP: 1/32 [Crazy Yiuf/+4 quarterstaff of chaos (16)]
  1973 | D:2      | Slain by Crazy Yiuf

Illustrated notes

Levels and vault maps discovered:
D:1:      orjb1_lava_funnel, layout_rooms, corner_web_ring
D:2:      layout_loops_ring, basic_ecumenical_altar, uniq_crazy_yiuf_cottage

Skill      XL: |  1  2  3 |
---------------+----------+-----
Stealth        | 2 |  2.5
Dodging        | 2 |  2.3
Fighting       | 1 |  1.2
Spellcasting   | |  2.5
Necromancy     | |  4.8

Action                     |  1- 3 |  4- 6 || total
---------------------------+-------+-------++-------
  Melee: Unarmed           |    19 |     1 ||    20
   Cast: Necrotise         |    67 |     7 ||    74
    Use: Scroll            |     4 |     1 ||     5
         Potion            |     1 |       ||     1
 Armour: Robe              |    34 |     2 ||    36
  Dodge: Dodged            |    50 |     1 ||    51
  Block: Other             |     4 |       ||     4

Table legend: (Time is in decaauts)
 A = Elapsed time spent in this place.
 B = Non-inter-level travel time spent in this place.
 C = Inter-level travel time spent in this place.
 D = Time resting spent in this place.
 E = Time spent auto-exploring this place.
 F = Levels seen in this place.
 G = Mean time per level.
                   A        B        C        D        E       F      G
               +--------+--------+--------+--------+--------+-----+--------+
         Total |   1971 |   1955 |     16 |    248 |   1396 |   2 |  985.5 |
       Dungeon |   1971 |   1955 |     16 |    248 |   1396 |   2 |  985.5 |
               +--------+--------+--------+--------+--------+-----+--------+

Top non-repeatable levels by time:
     D:2: 1165 daAuts
     D:1: 806 daAuts
